 Dungeon Crawl Stone Soup version 0.25.1-2-g60ff931df9 (webtiles) character file.

Game seed: 12481044367532581248

175 Curus the Twirler (level 5, -4/42 HPs)
             Began as a Minotaur Gladiator on Oct 24, 2020.
             Slain by Grinder (8 damage)
             ... on level 4 of the Dungeon.
             The game lasted 00:09:33 (2754 turns).

Curus the Twirler (Minotaur Gladiator)              Turns: 2754, Time: 00:09:34

Health: -4/42      AC:  4    Str: 18    XL:     5   Next: 29%
Magic:  4/4        EV: 13    Int:  6    God:
Gold:   102        SH:  0    Dex: 12    Spells: 4/4 levels left

rFire    . . .     SeeInvis .   a - +1 quarterstaff
rCold    . . .     Gourm    .   (shield currently unavailable)
rNeg     . . .     Faith    .   b - +0 leather armour
rPois    .         Spirit   .   c - +1 hat
rElec    .         Reflect  .   h - scarf {harm}
rCorr    .         Harm     +   (no gloves)
MR       .....                  (no boots)
Stlth    +.........             (no amulet)
HPRegen  0.14/turn              (no ring)
MPRegen  0.09/turn              (no ring)

@: no status effects
A: retaliatory headbutt, horns 2
a: no special abilities


You were on level 4 of the Dungeon.
You were not hungry.

You visited 1 branch of the dungeon, and saw 4 of its levels.

You collected 102 gold pieces.

Inventory:

Hand Weapons
 a - a +1 quarterstaff (weapon)
Missiles
 d - 3 throwing nets (quivered)
Armour
 b - a +0 leather armour (worn)
 c - a +1 hat (worn)
 h - a scarf of harm (worn)
Scrolls
 e - 2 scrolls of magic mapping
 i - 2 scrolls of identify
 j - a scroll of remove curse
Comestibles
 f - 6 rations
 g - 2 chunks of flesh


   Skills:
 - Level 2.4 Fighting
 + Level 7.3 Staves
 - Level 2.0 Throwing
 - Level 3.2 Dodging


You had 4 spell levels left.
You didn't know any spells.
Your spell library was empty.

Dungeon Overview and Level Annotations

Branches:
Dungeon (4/15)
 Temple: D:4-7

Altars:
Qazlal
Ru
Uskayaw
The Shining One

Annotations:
D:4 Grinder


Innate Abilities, Weirdness & Mutations

You reflexively headbutt those who attack you in melee.
You have a pair of horns on your head.


Message History

Grinder gestures at you. Pain shoots through your body! Grinder hits you.
You writhe in agony.
Grinder hits you!
* * * LOW HITPOINT WARNING * * *
You writhe in agony.
* * * LOW HITPOINT WARNING * * *
You can move again.
There is an escape hatch in the floor here.
Grinder closely misses you.
You slide downwards.
The hatch slams shut behind you.
An iguana comes into view.
Found 21 arrows and 6 stones.
You hit Grinder but do no damage.
The iguana hisses angrily.
Grinder gestures at you. You resist with significant effort.
You hit Grinder but do no damage. You headbutt Grinder, but do no damage.
Grinder hits you!
You die...

.......#.####
..........#.# #
............#.#
.............
............
#..l....#
#..5..# #.@...#
..(.....####
...#....# #
##...# #..##
.## .. ..#


You could see Grinder and an iguana.

Vanquished Creatures
  Natasha (thrice) (D:2)
  2 adders (D:2)
  2 oozes
  4 worms
  2 dart slugs (D:1)
  3 leopard geckos
  5 bats
  4 giant cockroaches
  5 goblins
  7 hobgoblins
  4 jackals (D:1)
  6 kobolds
  A quokka (D:3)
  2 frilled lizards
  6 rats
56 creatures vanquished.

Notes
Turn   | Place    | Note
-------+----------+-------------------------------------------
     0 | D:1      | Curus the Minotaur Gladiator began the quest for the Orb.
     0 | D:1      | Reached XP level 1. HP: 18/18 MP: 0/0
    79 | D:1      | Reached skill level 4 in Staves
   104 | D:1      | Reached XP level 2. HP: 17/25 MP: 1/1
   446 | D:1      | Reached skill level 5 in Staves
   680 | D:1      | Reached XP level 3. HP: 30/30 MP: 2/2
  1140 | D:2      | Reached XP level 4. HP: 17/37 MP: 3/3
  1304 | D:2      | Noticed Natasha
  1308 | D:2      | Reached skill level 6 in Staves
  1314 | D:2      | Killed Natasha
  1332 | D:2      | Noticed Natasha
  1335 | D:2      | Killed Natasha
  1476 | D:2      | Noticed Natasha
  1481 | D:2      | Killed Natasha
  1481 | D:2      | Reached skill level 7 in Staves
  1481 | D:2      | Reached XP level 5. HP: 39/42 MP: 4/4
  1768 | D:2      | Found a glowing golden altar of the Shining One.
  2107 | D:3      | Noticed Grinder
  2444 | D:3      | Found a hide-covered altar of Uskayaw.
  2445 | D:3      | Found a stormy altar of Qazlal.
  2686 | D:3      | Found a sacrificial altar of Ru.
  2744 | D:3      | Paralysed by Grinder for 7 turns
  2754 | D:4      | Slain by Grinder

Illustrated notes

Levels and vault maps discovered:
D:1:      heliophobic_arrival_enchanted_forest, layout_basic
D:2:      layout_loops_cross, first_ration, lemuel_altar_in_water, uniq_natasha
D:3:      layout_basic, gammafunk_temple_overflow_forgotten, uniq_grinder
D:4:      old_forge, layout_cave_pools, gammafunk_temple_overflow_elements,
          hangedman_abyss_or_decor_stagger, sigmund_edmund_badplayer, uniq_ijyb,
          uniq_crazy_yiuf_cottage

Skill      XL: |  1  2  3  4 |
---------------+-------------+-----
Staves         | 4 5 7 |  7.3
Fighting       | |  2.4
Throwing       | |  2.0
Dodging        | |  3.2

Action                   |  1- 3 |  4- 6 || total
-------------------------+-------+-------++-------
Melee: Quarterstaff      |    73 |    52 ||   125
       Headbutt          |     9 |     7 ||    16
  Use: Scroll            |     4 |     5 ||     9
       Potion            |     2 |       ||     2
 Stab: Sleeping          |     3 |       ||     3
       Distracted        |     1 |       ||     1
  Eat: Chunk             |     1 |     5 ||     6
Armor: Leather armour    |    20 |     5 ||    25
Dodge: Dodged            |    31 |    24 ||    55
